[Event "Gibraltar Challengers A 2019"]
[Site "Caleta"]
[Date "2019.01.23"]
[Round "3"]
[White "Ungureanu, Sandu"]
[Black "Adewole, Adeyinka"]
[Result "0-1"]
[ECO "B06"]
[WhiteElo "2057"]
[BlackElo "1972"]
[Annotator "NA"]
[PlyCount "148"]
[EventDate "2019.01.18"]
[EventType "swiss"]
[EventCountry "GGB"]
[SourceTitle "playchess.com"]
[Source "ChessBase"]
[SourceQuality "1"]
[TimeControl "6600+10"]

1. c3 d6 2. d4 g6 3. e4 Bg7 4. f4 f5 {[%emt 0:00:19] B06: Modern Defence} (4... Nf6 5. Nd2 O-O 6. Ngf3 c5 7. dxc5 dxc5 8. Bc4 Nc6 9. O-O e5 10. fxe5 Ng4 11. Nb3 Qxd1 12. Rxd1 Ngxe5 {0-1 (49) Kiik,K (2411)-Ladva,O (2497) Puhajarve 2018}) 5. e5 e6 6. Nf3 d5 7. c4 Ne7 8. Nc3 c6 9. cxd5 $146 ({Predecessor:} 9. Bd3 O-O 10. Be3 Bd7 11. Qc2 Na6 12. a3 Nc7 {0-1 (63) Fatima,J (1587)-Depaune,R Batumi 2018}) 9... Nxd5 10. Qb3 O-O 11. Nxd5 exd5 12. h4 h5 13. Be3 Qb6 14. Qxb6 axb6 15. a3 Re8 16. Rc1 b5 17. Be2 Be6 18. Ng5 Bh6 19. Nxe6 Rxe6 20. Rh3 Nd7 21. Rg3 Kf7 22. Bxb5 cxb5 23. Rc7 {[%emt 0:00:18] [#]} Ke8 $1 24. Rxb7 Rb8 25. Ra7 Bf8 26. Rf3 b4 27. a4 Be7 28. g3 Rc6 29. Kd1 Nb6 30. Bc1 Rbc8 31. Bd2 Nc4 32. Bc1 Nxe5 33. dxe5 Rxc1+ 34. Kd2 R8c2+ 35. Kd3 Bc5 36. Ra8+ Kd7 37. Rf1 Rxf1 38. Kxc2 Rf2+ 39. Kb3 Rf3+ 40. Kc2 b3+ 41. Kd2 Rxg3 42. a5 Bb4+ 43. Ke2 Rg2+ 44. Kd3 Rd2+ 45. Ke3 d4+ 46. Kf3 Rxb2 47. a6 Ra2 48. Rb8 Ra4 49. a7 b2 50. a8=Q Rxa8 51. Rxb4 Ra3+ 52. Kg2 Ra2 53. Kf3 Kc6 54. Rb8 Kd5 55. Rb4 Kc5 56. Rb8 Kc4 57. Rc8+ Kd3 58. Rb8 Kd2 59. e6 Ra3+ 60. Kf2 Kc2 61. Rc8+ Rc3 62. Rxc3+ dxc3 63. e7 b1=Q 64. e8=Q Qa2 65. Qb5 Kd1+ 66. Kf1 c2 67. Qd3+ Kc1 68. Kf2 Qa7+ 69. Kf1 Qc5 70. Kg2 Kb2 71. Qd2 Qc3 72. Qe2 Qc6+ 73. Kf2 Qd5 74. Kg3 Kb1 0-1

[Event "Gibraltar Challengers A 2019"]
[Site "Caleta"]
[Date "2019.01.23"]
[Round "3"]
[White "Cao Armillas, Jesus"]
[Black "Bengherabi, Khalil"]
[Result "1-0"]
[ECO "E09"]
[WhiteElo "2048"]
[BlackElo "2150"]
[Annotator "NA"]
[PlyCount "59"]
[EventDate "2019.01.18"]
[EventType "swiss"]
[EventCountry "GGB"]
[SourceTitle "playchess.com"]
[Source "ChessBase"]
[SourceQuality "1"]
[TimeControl "6600+10"]

1. d4 Nf6 2. c4 e6 3. Nf3 d5 4. g3 Be7 5. Bg2 O-O 6. O-O Nbd7 7. Qc2 c6 8. Nbd2 b6 9. b3 Ba6 10. Bb2 Rc8 11. Rad1 {[%emt 0:03:03] E09: Closed Catalan: Main Line: 7 Qc2 c6 8 Nbd2} (11. e4 c5 12. exd5 exd5 13. Rfd1 dxc4 14. bxc4 b5 15. d5 bxc4 16. d6 Bxd6 17. Nxc4 Bxc4 18. Rxd6 Qe7 19. Rad1 Be2 20. Rxd7 Nxd7 21. Qc3 {1-0 (41) Gupta,A (2610)-Hemant,S (2348) New Delhi 2018}) 11... c5 12. dxc5 Bxc5 13. Qb1 Qe7 14. Rc1 $146 ({Predecessor:} 14. Rfe1 dxc4 15. Nxc4 Bxc4 16. bxc4 Bb4 17. Nd2 Bxd2 18. Rxd2 Rxc4 {½-½ (66) Thurmer,J (2193)-Taskovits,I (2305) Hungary 2003}) 14... Rfd8 15. e4 dxc4 16. Nxc4 b5 17. Nce5 Bb7 18. Rfe1 Nxe5 19. Nxe5 Bb6 20. Rxc8 Rxc8 21. Nd3 Rd8 22. Qc2 Ng4 23. Qe2 {[%emt 0:09:53] [#]} Rxd3 $1 24. Qxg4 Bxf2+ 25. Kxf2 Rd2+ 26. Re2 $17 Qc5+ 27. Ke1 Rxb2 28. Rxb2 Qc1+ 29. Qd1 Qxb2 30. Qd8# 1-0

[Event "Gibraltar Challengers A 2019"]
[Site "Caleta"]
[Date "2019.01.23"]
[Round "3"]
[White "Hamer, Martyn"]
[Black "Sikkel, Dirk"]
[Result "1-0"]
[ECO "A42"]
[WhiteElo "2046"]
[BlackElo "1943"]
[Annotator "NA"]
[PlyCount "89"]
[EventDate "2019.01.18"]
[EventType "swiss"]
[EventCountry "GGB"]
[SourceTitle "playchess.com"]
[Source "ChessBase"]
[SourceQuality "1"]
[TimeControl "6600+10"]

1. d4 g6 2. c4 Bg7 3. e4 d6 4. Nc3 e5 5. d5 a5 6. Be3 Nd7 7. Be2 {[%emt 0:01:37] A42: Modern Defence: Averbakh Variation} (7. h3 h5 8. Nf3 Bh6 9. Bxh6 Nxh6 10. h4 Nc5 11. Ng5 Qe7 12. g3 f6 13. Nf3 Nf7 14. Bh3 Bxh3 15. Rxh3 {½-½ (56) Goryachkina,A (2478)-Sjugirov,S (2650) Sochi 2017}) 7... Nc5 8. g4 Bh6 9. Qd2 Bxe3 10. Qxe3 f6 11. O-O-O $146 ({Predecessor:} 11. f3 Bd7 12. Nh3 h5 13. Nf2 h4 14. h3 g5 {½-½ (27) Pattyn,L (1755)-Sikkel,D (1973) Brasschaat 2018}) 11... Ne7 12. f4 exf4 13. Qxf4 O-O 14. Nf3 g5 15. Qg3 Ng6 16. h4 Qe7 17. hxg5 fxg5 18. e5 Nxe5 19. Nxe5 Qxe5 20. Qxe5 dxe5 21. Rh5 Rf7 22. Rxg5+ Rg7 23. Rxg7+ Kxg7 24. Nb5 Bd7 25. Nxc7 Rc8 26. d6 Ne4 27. b3 Nxd6 28. Rxd6 Rxc7 {[%emt 0:00:12] [#]} 29. Rd5 $14 (29. Kd2 $1 $16) 29... Kf6 30. Rxa5 Bc6 31. Kd2 Rd7+ 32. Ke3 Rd4 33. Bf3 Bxf3 34. Kxf3 Rf4+ 35. Kg3 Rf1 36. Ra8 Ke6 37. Rh8 Rf7 38. a4 Rd7 39. Kh4 b6 40. Rb8 Rd6 41. Kg5 Rc6 42. Re8+ Kd6 43. Kf5 Rc7 44. Re6+ Kd7 45. Rxb6 1-0

[Event "Gibraltar Challengers A 2019"]
[Site "Caleta"]
[Date "2019.01.23"]
[Round "3"]
[White "Kukic, Boris"]
[Black "Ramasindraibe, Girard"]
[Result "1-0"]
[ECO "E90"]
[WhiteElo "2035"]
[BlackElo "2129"]
[Annotator "NA"]
[PlyCount "138"]
[EventDate "2019.01.18"]
[EventType "swiss"]
[EventCountry "GGB"]
[SourceTitle "playchess.com"]
[Source "ChessBase"]
[SourceQuality "1"]
[TimeControl "6600+10"]

1. d4 Nf6 2. c4 g6 3. Nc3 c5 4. d5 Bg7 5. Nf3 d6 6. e4 O-O 7. Bd3 e6 8. O-O exd5 9. exd5 Bg4 10. h3 Bxf3 11. Qxf3 Nfd7 12. Bf4 {[%emt 0:01:30] E90: King's Indian: Classical: Early deviations and 6 h3} (12. Qd1 Re8 13. Bd2 Na6 14. a3 Qh4 15. Qg4 Qxg4 16. hxg4 Nc7 17. Rfe1 h6 18. Rxe8+ Nxe8 19. g3 Nef6 {½-½ (46) Ding,L (2777)-So,W (2810) Tbilisi 2017}) 12... Ne5 13. Qg3 Nbd7 14. Rab1 $146 ({Predecessor:} 14. Be2 a6 15. Rad1 f5 16. Rfe1 Bf6 17. Bc1 Qe7 18. f4 Bh4 19. Qe3 Nf7 20. Qxe7 Bxe7 {½-½ (52) Dittmar,H (2032)-Dobosz,H (2440) Germany 2006}) 14... Re8 15. Rfd1 f5 16. Bf1 Nf6 17. Qh4 Rb8 18. Bg5 Nf7 19. Ne2 Nxg5 20. Qxg5 $15 Ne4 21. Qxd8 Rbxd8 22. f3 Ng5 23. b4 b6 24. bxc5 dxc5 25. a4 Re3 26. h4 Nf7 27. Nf4 Bc3 28. Ne6 Rd6 29. Kf2 Re5 30. Rd3 Bb4 31. Rdb3 Nd8 32. Nf4 Re7 33. Nd3 Bd2 34. g3 Nb7 35. R3b2 Be3+ 36. Kg2 Na5 37. Rc2 Bd4 38. Nf4 Re3 39. Ne6 Bf6 40. Rb5 Rc3 41. Rxc3 Bxc3 42. Rb1 Rd7 43. Kf2 Kf7 44. Ke3 Ke7 45. Kf4 Kf6 46. Ke3 Nb7 47. Kd3 Bb4 48. Bh3 Nd8 49. Nf4 Nf7 50. Bf1 Re7 51. Ne6 Rd7 52. Ke3 Nd8 53. Nf4 Re7+ 54. Kd3 Ba5 55. Rd1 Bb4 56. g4 fxg4 57. fxg4 Kg7 58. Bg2 Re5 59. Rf1 Ba3 60. g5 Bb2 61. Rb1 Bd4 62. Be4 Re7 63. a5 bxa5 64. Rb8 Nb7 65. Ne6+ Rxe6 66. dxe6 Nd6 67. Bd5 Be5 68. e7 h6 69. Rd8 hxg5 1-0

[Event "Gibraltar Challengers A 2019"]
[Site "Caleta"]
[Date "2019.01.23"]
[Round "3"]
[White "Herzwurm, Robert"]
[Black "Crocker, Philip J"]
[Result "0-1"]
[ECO "B12"]
[WhiteElo "2021"]
[BlackElo "2109"]
[Annotator "NA"]
[PlyCount "88"]
[EventDate "2019.01.18"]
[EventType "swiss"]
[EventCountry "GGB"]
[SourceTitle "playchess.com"]
[Source "ChessBase"]
[SourceQuality "1"]
[TimeControl "6600+10"]

1. e4 c6 2. d4 d5 3. e5 c5 4. dxc5 e6 5. Be3 Nd7 6. Nf3 Bxc5 7. Bxc5 Nxc5 8. Be2 Ne7 9. O-O O-O 10. Nbd2 Bd7 11. Nd4 Qb6 12. N2b3 Rac8 13. Bd3 Nxd3 14. Qxd3 a5 15. Rab1 a4 16. Nd2 Rc5 17. N2f3 Bb5 $15 18. Nxb5 Qxb5 19. Nd4 Qxd3 20. cxd3 Rfc8 21. Rfd1 Nc6 22. Nxc6 R8xc6 23. d4 Rc2 24. Kf1 Rb6 25. Rdc1 Rbxb2 26. Rxc2 Rxc2 27. Rxb7 g5 28. Rb4 Rxa2 29. Rb8+ Kg7 30. Ra8 a3 31. Ke1 Kg6 32. g4 h5 33. h3 h4 34. Rg8+ Kh7 35. Ra8 Kg7 36. Ra7 Kf8 37. Ra8+ Ke7 38. Ra7+ Ke8 39. Ra8+ Kd7 40. Rf8 Rb2 41. Rxf7+ Kc6 42. f4 a2 43. Ra7 gxf4 44. g5 Rb1+ 0-1

[Event "Gibraltar Challengers A 2019"]
[Site "Caleta"]
[Date "2019.01.23"]
[Round "3"]
[White "Boardman, Jeffrey"]
[Black "Nandi, Robin J"]
[Result "0-1"]
[ECO "A01"]
[WhiteElo "2005"]
[BlackElo "1903"]
[Annotator "NA"]
[PlyCount "68"]
[EventDate "2019.01.18"]
[EventType "swiss"]
[EventCountry "GGB"]
[SourceTitle "playchess.com"]
[Source "ChessBase"]
[SourceQuality "1"]
[TimeControl "6600+10"]

1. b3 e5 2. Bb2 Nc6 3. e3 d6 4. Bb5 a6 5. Bxc6+ bxc6 6. Ne2 Nf6 7. O-O Be7 8. d3 O-O 9. Nd2 Re8 10. c4 Bf8 $11 11. e4 d5 12. Qc2 Bd6 13. h3 Rb8 14. Rad1 Bb7 15. c5 Bf8 16. f4 exf4 17. e5 d4 18. Bxd4 Nd5 19. Nxf4 Nxf4 20. Rxf4 g5 21. Re4 f5 22. exf6 Rxe4 23. Qc4+ Qd5 24. dxe4 Qxc4 25. Nxc4 Rd8 26. Rd2 Rxd4 27. Re2 Bxc5 28. Kh2 Kf7 29. e5 Bc8 30. Nd2 Rd5 31. Nf3 h6 32. g4 Be6 33. Nd2 Rxe5 34. Rxe5 Bd6 {[%emt 0:00:08] Re4 [%emt 00:00:19]} 0-1

[Event "Gibraltar Challengers A 2019"]
[Site "Caleta"]
[Date "2019.01.23"]
[Round "3"]
[White "Tovarek, Antonin"]
[Black "Fischer, Gerd"]
[Result "1/2-1/2"]
[ECO "C41"]
[WhiteElo "1995"]
[BlackElo "1845"]
[Annotator "NA"]
[PlyCount "62"]
[EventDate "2019.01.18"]
[EventType "swiss"]
[EventCountry "GGB"]
[SourceTitle "playchess.com"]
[Source "ChessBase"]
[SourceQuality "1"]
[TimeControl "6600+10"]

1. e4 d6 2. d4 Nf6 3. Nc3 e5 4. Nf3 exd4 5. Nxd4 $14 {[%emt 0:00:02] LiveBook: 2698 Games} Be7 6. Be2 O-O 7. g4 d5 8. e5 Ne4 9. Nxe4 dxe4 10. Be3 Qd5 11. Nf5 Qxe5 12. Qd4 Bf6 13. Qxe5 Bxe5 14. Ne7+ Kh8 15. O-O-O Be6 16. f4 exf3 17. Bxf3 c6 18. Rd2 Nd7 19. Rhd1 Nb6 20. b3 g6 21. a4 Bf6 22. a5 Bxe7 23. axb6 axb6 24. Kb2 Bf6+ 25. Bd4 Bxd4+ 26. Rxd4 Rfe8 27. h4 Kg7 28. g5 Kh8 29. Rb4 h5 30. Rf4 b5 31. Rfd4 Rad8 1/2-1/2

[Event "Gibraltar Challengers A 2019"]
[Site "Caleta"]
[Date "2019.01.23"]
[Round "3"]
[White "Skutta, Bernd"]
[Black "Spacapan, Simon"]
[Result "1-0"]
[ECO "D00"]
[WhiteElo "1988"]
[BlackElo "2061"]
[Annotator "NA"]
[PlyCount "81"]
[EventDate "2019.01.18"]
[EventType "swiss"]
[EventCountry "GGB"]
[SourceTitle "playchess.com"]
[Source "ChessBase"]
[SourceQuality "1"]
[TimeControl "6600+10"]

1. d4 d5 2. Bf4 c5 3. e3 Nc6 4. c3 Bf5 5. Qb3 Qd7 6. Nf3 e6 7. Bb5 f6 8. Nbd2 g5 9. Bg3 h5 10. h4 g4 11. Ng1 Nge7 (11... a6 $15 12. Qa4 Nge7 13. dxc5 Rd8) 12. dxc5 a6 $14 13. Qa3 Rd8 14. Ba4 Ng6 15. Ne2 e5 16. b4 Be7 17. Rd1 Qc8 18. O-O O-O 19. c4 d4 20. Bxc6 Qxc6 21. exd4 exd4 22. Nb3 d3 23. Ned4 Qc8 24. Rfe1 Ne5 25. Bxe5 fxe5 26. Rxe5 Bxh4 27. Qc1 Bg6 28. Qh6 Bxf2+ 29. Kh1 Kf7 30. Ne6 Qxe6 31. Rxe6 Kxe6 32. Qxg6+ Rf6 33. Qe4+ Kf7 34. Qxb7+ Kg6 35. Qe4+ Kg5 36. Rxd3 Rxd3 37. Qxd3 Rf5 38. c6 g3 39. c7 Re5 40. Qd2+ Kg6 41. Qd6+ 1-0

[Event "Gibraltar Challengers A 2019"]
[Site "Caleta"]
[Date "2019.01.23"]
[Round "3"]
[White "Cano Sevilla, Ivan"]
[Black "Lung, Liviu-Catalin"]
[Result "1-0"]
[ECO "A45"]
[WhiteElo "1950"]
[BlackElo "2036"]
[Annotator "NA"]
[PlyCount "81"]
[EventDate "2019.01.18"]
[EventType "swiss"]
[EventCountry "GGB"]
[SourceTitle "playchess.com"]
[Source "ChessBase"]
[SourceQuality "1"]
[TimeControl "6600+10"]

1. d4 Nf6 2. Bf4 c5 3. d5 {[%emt 0:00:06] A45: Trompowsky Attack} (3. e3 Qb6 4. Nc3 a6 5. Bc4 cxd4 6. exd4 e6 7. Nge2 d5 8. Bb3 Bd7 9. O-O Be7 10. Qe1 O-O 11. Rd1 Nc6 {1-0 (23) Aronian,L (2767)-Giri,A (2782) chess.com INT 2018}) 3... d6 4. Nc3 e5 5. dxe6 Bxe6 6. e4 Nc6 7. Qd2 Be7 $146 ({Predecessor:} 7... Qa5 8. Nf3 d5 9. Bd3 c4 10. exd5 Nxd5 11. Nxd5 Qxd5 12. Be2 Qf5 13. Nd4 Nxd4 14. Qxd4 Qxc2 15. Rc1 Qf5 16. Bxc4 {½-½ (16) Woelk,R (2311)-Kunz,H (2403) corr 2000}) 8. O-O-O O-O 9. f3 Qa5 10. Kb1 Rfd8 11. Nd5 Qxd2 12. Rxd2 Bxd5 13. exd5 Ne5 14. Nh3 Rab8 15. c4 a6 16. b3 b5 17. Bxe5 dxe5 18. Bd3 Nd7 19. Kc2 b4 20. Re1 g6 21. f4 f6 22. Rde2 a5 23. g4 a4 24. g5 axb3+ 25. axb3 Ra8 26. Kb2 fxg5 (26... Bd6 $11) 27. fxe5 Nxe5 28. Rxe5 Bf6 29. Kb1 Ra3 30. Bc2 Rda8 31. Kc1 Ra1+ 32. Bb1 R8a2 33. R5e2 Ra3 34. Kc2 Kg7 35. Nf2 Bd4 36. Ng4 Ra7 37. d6 h5 $18 38. Re7+ Kf8 39. Rf1+ Kg8 40. Nh6+ Kh8 41. Rf8# 1-0

[Event "Gibraltar Challengers A 2019"]
[Site "Caleta"]
[Date "2019.01.23"]
[Round "3"]
[White "Brown, David"]
[Black "Hassomal Daswani, Birjkumar"]
[Result "0-1"]
[ECO "B40"]
[WhiteElo "1931"]
[BlackElo "2008"]
[Annotator "NA"]
[PlyCount "64"]
[EventDate "2019.01.18"]
[EventType "swiss"]
[EventCountry "GGB"]
[SourceTitle "playchess.com"]
[Source "ChessBase"]
[SourceQuality "1"]
[TimeControl "6600+10"]

1. e4 c5 2. Nf3 e6 3. Nc3 Nc6 4. d4 cxd4 5. Nxd4 Bc5 6. Nb3 Bb6 7. Be2 Nge7 8. O-O O-O 9. Bf4 f5 10. Bd6 Rf7 11. Qd2 fxe4 12. Nxe4 Nf5 13. Bc5 d5 14. Bxb6 Qxb6 $14 15. Ng5 Rf6 16. Qc3 Nfd4 17. Bd1 Bd7 18. Nxd4 Nxd4 19. Nf3 Nf5 20. Be2 Rc8 21. Qa3 Rxc2 22. Ne5 Be8 23. Rac1 Rxc1 24. Rxc1 Nd4 25. Bf3 Qd8 26. Qxa7 Nc6 27. Qe3 Qd6 28. Nxc6 bxc6 29. Re1 Bg6 30. Qe5 Qb4 31. a3 Qb6 32. b4 Be4 0-1

[Event "Gibraltar Challengers A 2019"]
[Site "Caleta"]
[Date "2019.01.23"]
[Round "3"]
[White "Obiamiwe, Paul"]
[Black "Sedgwick, David"]
[Result "0-1"]
[ECO "D34"]
[WhiteElo "1903"]
[BlackElo "2024"]
[Annotator "NA"]
[PlyCount "81"]
[EventDate "2019.01.18"]
[EventType "swiss"]
[EventCountry "GGB"]
[SourceTitle "playchess.com"]
[Source "ChessBase"]
[SourceQuality "1"]
[TimeControl "6600+10"]

1. Nf3 d5 2. d4 c5 3. c4 e6 4. cxd5 exd5 5. Nc3 Nf6 6. g3 Be7 7. Bg2 O-O 8. O-O Nc6 9. Bg5 Be6 10. Rc1 Rc8 {[%emt 0:00:27] D34: Tarrasch Defence: 6 g3 Nf6 7 Bg2 Be7} (10... c4 11. b3 cxb3 12. Qxb3 Na5 13. Qa4 a6 14. Bxf6 Bxf6 15. e4 b5 16. Qd1 dxe4 17. Nxe4 Be7 18. Nc5 Bxc5 19. Rxc5 {1-0 (40) Gauri,S (2345)-Yu,J (2327) Charlotte 2018}) 11. dxc5 d4 12. Nb5 h6 $146 ({Predecessor:} 12... Bxa2 13. Qa4 Bd5 14. Nxa7 Nxa7 15. Qxa7 h6 16. Bf4 Nd7 17. c6 bxc6 18. Nxd4 {½-½ (27) Ruboczki,T (1896)-Somogyi,I (2176) Hungary 2011}) 13. Bf4 Nd5 14. Bd6 ({But not} 14. Nbxd4 Nxf4 15. gxf4 Bxa2 $16) 14... Qa5 15. Nbxd4 Bxd6 16. Nxe6 ({Resist} 16. cxd6 Nxd4 17. Nxd4 Rxc1 $18) 16... fxe6 17. cxd6 Rcd8 18. a3 Rd7 19. Nd2 Qd8 20. Ne4 $18 Nf6 21. Nc5 Rxd6 22. Qa4 Qe7 23. Nxb7 Nd4 24. Rfe1 Rd7 25. e3 Nf5 26. Nc5 Rd2 27. Qb3 Ng4 28. f3 Ne5 29. Qc3 Rxg2+ 30. Kxg2 Nxf3 31. Re2 Qf7 32. Qc4 Qh5 33. h3 Ne5 34. g4 Qg5 35. Qxe6+ Kh8 36. Ne4 Nxe3+ 37. Kg1 Nf3+ 38. Kh1 Qh4 39. g5 Nf5 40. Kg2 N3d4 41. Qe5 0-1

[Event "Gibraltar Challengers A 2019"]
[Site "Caleta"]
[Date "2019.01.23"]
[Round "3"]
[White "Erdogan, Hassan"]
[Black "Pavlov, Egor"]
[Result "0-1"]
[ECO "A48"]
[WhiteElo "1833"]
[BlackElo "2187"]
[Annotator "NA"]
[PlyCount "64"]
[EventDate "2019.01.18"]
[EventType "swiss"]
[EventCountry "GGB"]
[SourceTitle "playchess.com"]
[Source "ChessBase"]
[SourceQuality "1"]
[TimeControl "6600+10"]

1. d4 Nf6 2. Bf4 g6 3. e3 Bg7 4. Nf3 O-O {[%emt 0:00:07] LiveBook: 1906 Games} 5. Be2 c5 6. c3 b6 7. Nbd2 Bb7 8. O-O d5 9. Ne5 Nc6 10. h3 Nd7 11. Nxc6 Bxc6 12. Nf3 Re8 13. Qd2 f6 $11 14. c4 e6 15. Rfd1 Qe7 16. Rac1 Kh8 17. Bg3 Rad8 18. Qc2 dxc4 19. Qxc4 Bb7 20. a3 Rc8 21. Qb3 cxd4 22. exd4 Bd5 23. Bc4 Bxf3 24. Qxf3 e5 25. dxe5 Nxe5 26. Bxe5 Qxe5 27. b4 Qb2 28. Rb1 Qe5 29. Qd5 Qc3 30. Bb3 Re7 31. Qd3 Re1+ 32. Kh2 Qxd3 0-1

[Event "Gibraltar Challengers A 2019"]
[Site "Caleta"]
[Date "2019.01.23"]
[Round "3"]
[White "Francois-Haugrin, Said"]
[Black "Lutz, Juergen"]
[Result "0-1"]
[ECO "B33"]
[WhiteElo "1825"]
[BlackElo "1960"]
[Annotator "NA"]
[PlyCount "80"]
[EventDate "2019.01.18"]
[EventType "swiss"]
[EventCountry "GGB"]
[SourceTitle "playchess.com"]
[Source "ChessBase"]
[SourceQuality "1"]
[TimeControl "6600+10"]

1. e4 c5 2. Nf3 Nc6 3. d4 cxd4 4. Nxd4 Nf6 5. Nc3 e5 6. Ndb5 d6 7. Nd5 Nxd5 8. exd5 Ne7 9. c4 Ng6 10. Qa4 Bd7 11. Qb4 Qb8 12. h4 h5 13. Be2 a6 14. Nc3 $11 f5 15. Be3 Be7 16. Bb6 O-O 17. O-O-O Nf4 18. Bf1 Be8 19. g3 Ng6 20. Be2 Nh8 21. Kb1 Bg6 22. f4 Nf7 23. c5 Rc8 24. Na4 dxc5 25. Bxc5 Rxc5 26. Nxc5 Qa7 27. d6 Bxd6 28. Rxd6 Nxd6 29. fxe5 Ne4 30. Nxe4 fxe4 31. Qd6 Kh7 32. g4 Qf2 33. gxh5 Bf5 34. Qd1 e3+ 35. Ka1 Be4 36. Bd3 Bxd3 37. Qxd3+ Kh8 38. Qc3 Rf8 39. a3 e2 40. Re1 Qxe1+ 0-1

[Event "Gibraltar Challengers A 2019"]
[Site "Caleta"]
[Date "2019.01.23"]
[Round "3"]
[White "Hestvik, Elias"]
[Black "Burke, Mitchell R"]
[Result "1/2-1/2"]
[ECO "B52"]
[WhiteElo "1740"]
[BlackElo "1994"]
[Annotator "NA"]
[PlyCount "163"]
[EventDate "2019.01.18"]
[EventType "swiss"]
[EventCountry "GGB"]
[SourceTitle "playchess.com"]
[Source "ChessBase"]
[SourceQuality "1"]
[TimeControl "6600+10"]

1. e4 c5 2. Nf3 d6 3. Bb5+ Bd7 4. Bxd7+ Qxd7 5. d4 cxd4 6. Nxd4 Nf6 7. f3 g6 8. c4 Nc6 9. Be3 Bg7 10. Nc3 O-O 11. O-O a6 12. Nd5 Nxd5 13. cxd5 $11 Ne5 14. b3 Rac8 15. Qd2 b5 16. Rac1 Qb7 17. Rxc8 Rxc8 18. Rc1 Kf8 19. Rxc8+ Qxc8 20. Qc2 Qxc2 21. Nxc2 Ke8 22. Bd4 Bf6 23. Bxe5 Bxe5 24. Nb4 Bd4+ 25. Kf1 a5 26. Nc6 Bb6 27. Ke2 e6 28. Kd3 exd5 29. exd5 Kd7 30. a4 bxa4 31. bxa4 Kc7 32. Kc4 Bg1 33. h3 Kb6 34. Nd8 f5 35. Ne6 h6 36. g4 fxg4 37. fxg4 h5 38. Nf4 hxg4 39. hxg4 g5 40. Ne6 Be3 41. Kd3 Bc1 42. Ke4 Bd2 43. Kf5 Bc1 44. Kf6 Bd2 45. Ke7 Bf4 46. Kd7 Kb7 47. Nd4 Kb6 48. Ne6 Kb7 49. Ke7 Kb6 50. Kf7 Be3 51. Kg6 Bc1 52. Kf5 Be3 53. Ke4 Bc1 54. Kd4 Bb2+ 55. Kc4 Bc1 56. Nd8 Bd2 57. Nf7 Bf4 58. Nh6 Bc1 59. Nf5 Bf4 60. Nh6 Bc1 61. Nf7 Bf4 62. Kd4 Kc7 63. Nh6 Kb6 64. Nf5 Be5+ 65. Kc4 Bf4 66. Nd4 Be5 67. Ne6 Bf6 68. Nf8 Bb2 69. Ng6 Bc1 70. Ne7 Bf4 71. Nc8+ Kb7 72. Ne7 Kb6 73. Nf5 Be5 74. Ne3 Bf4 75. Nf5 Be5 76. Ne3 Bf4 77. Nd1 Be5 78. Nf2 Bf4 79. Ne4 Ka6 80. Nc3 Kb6 81. Nb5 Be5 82. Na3 1/2-1/2

[Event "Gibraltar Challengers A 2019"]
[Site "Caleta"]
[Date "2019.01.24"]
[Round "4"]
[White "Villar Reymundo, Juan Antonio"]
[Black "Gonzalez Gonzalez, Alfonso"]
[Result "0-1"]
[ECO "A84"]
[WhiteElo "2237"]
[BlackElo "2160"]
[Annotator "NA"]
[PlyCount "102"]
[EventDate "2019.01.18"]
[EventType "swiss"]
[EventCountry "GGB"]
[SourceTitle "playchess.com"]
[Source "ChessBase"]
[SourceQuality "1"]
[TimeControl "6600+10"]

1. d4 e6 2. Nf3 b6 3. g3 Bb7 4. Bg2 f5 5. O-O Nf6 6. c4 {[%emt 0:00:03] LiveBook: 233 Games} a5 7. Nc3 Bb4 8. d5 Bxc3 9. bxc3 O-O 10. Ba3 Re8 11. Nd4 Qc8 12. Rb1 Ne4 13. Qc2 Na6 14. f3 Nec5 15. e4 Qd8 16. Rbe1 g6 17. exf5 gxf5 (17... exf5 $16 {keeps fighting.} 18. Rxe8+ Qxe8) 18. Bc1 Qf6 19. f4 Ne4 20. dxe6 dxe6 21. Be3 Rad8 22. Rc1 c5 23. Nf3 Nb8 24. g4 Rd6 25. Ne5 ({Better is} 25. Ng5 $14) 25... Nd7 26. g5 Qg7 27. Ng4 Nf8 28. Rfd1 Red8 (28... Rxd1+ $17 29. Rxd1 Nxg5 30. Bxb7 Nh3+ 31. Kf1 fxg4) 29. Rxd6 Rxd6 30. Bxe4 Bxe4 31. Nf6+ Qxf6 32. Qxe4 fxe4 33. gxf6 Kf7 34. Kf2 Kxf6 35. Ke2 Ng6 36. Rg1 Rd3 37. Bd2 Rh3 38. Rb1 Kf5 39. Rxb6 Nxf4+ 40. Kf1 Rxh2 41. Be3 Kg4 42. Rb8 Kf3 43. Bxc5 e3 44. Kg1 Rxa2 45. Bxe3 Kxe3 46. c5 Rc2 47. Rb3 Ne2+ 48. Kh2 Nxc3+ $19 (48... Nc1+ $142 49. Kg3 Nxb3 50. Kg4 Nxc5 51. Kg5 Ne4+ 52. Kh6 Rg2 53. Kxh7 Nf6+ 54. Kh6 Ke4 55. c4 Kf5 56. c5 Rg6#) 49. Kg3 Kd4 50. c6 Nd5 51. Ra3 Rc3+ {[%emt 0:00:13] Ra1 [%emt 00:00:10]} 0-1

[Event "Gibraltar Challengers A 2019"]
[Site "Caleta"]
[Date "2019.01.24"]
[Round "4"]
[White "Longa Yauca, Javier"]
[Black "Crespo, Eugenio"]
[Result "1-0"]
[ECO "D53"]
[WhiteElo "2226"]
[BlackElo "2169"]
[Annotator "NA"]
[PlyCount "59"]
[EventDate "2019.01.18"]
[EventType "swiss"]
[EventCountry "GGB"]
[SourceTitle "playchess.com"]
[Source "ChessBase"]
[SourceQuality "1"]
[TimeControl "6600+10"]

1. d4 Nf6 2. c4 e6 3. Nf3 d5 4. Bg5 Be7 5. e3 h6 6. Bxf6 Bxf6 7. Nc3 {[%emt 0:00:05] LiveBook: 1334 Games} c6 8. Qc2 Nd7 {[%emt 0:03:51] D53: Queen's Gambit Declined: 4 Bg5 Be7: Early deviations} 9. O-O-O (9. h4 g6 10. O-O-O Bg7 11. e4 dxc4 12. e5 O-O 13. Ne4 c5 14. h5 cxd4 15. hxg6 fxg6 16. Rxd4 {1-0 (32) Salem,A (2638)-Bacrot,E (2725) Riadh 2017}) 9... a5 10. Kb1 Nb6 $146 ({Predecessor:} 10... Be7 11. g4 a4 12. c5 a3 13. b3 b6 14. cxb6 Qxb6 15. h4 Ba6 16. Bxa6 Rxa6 {½-½ (54) Kichubaev,K (2390)-Akhmadeev,V (2439) Nabereznye Chelny 2006}) 11. Ne5 dxc4 (11... O-O $11) 12. Nxc4 Nxc4 13. Bxc4 b5 14. Bd3 Qb6 15. f4 Be7 16. Rc1 f5 ({Better is} 16... Ba6 $14) 17. g4 O-O 18. Rhg1 a4 (18... Qb7 $142 19. Qg2 Bh4 20. gxf5 exf5) 19. gxf5 exf5 20. Rg6 Rf6 21. Rcg1 Rxg6 22. Rxg6 Qd8 23. Bxf5 c5 24. Bxc8 Rxc8 25. Qg2 Bf8 $2 (25... Qf8 26. Rxh6 (26. Nxb5 cxd4 27. Nxd4 Bf6 $16) 26... Qf7) 26. d5 a3 27. d6 axb2 28. Rxh6 Qe8 29. Qd5+ Qf7 30. Rh8+ 1-0

[Event "Gibraltar Challengers A 2019"]
[Site "Caleta"]
[Date "2019.01.24"]
[Round "4"]
[White "Elishev, Ivan"]
[Black "Kandic, Milan"]
[Result "0-1"]
[ECO "C41"]
[WhiteElo "2224"]
[BlackElo "2136"]
[Annotator "NA"]
[PlyCount "64"]
[EventDate "2019.01.18"]
[EventType "swiss"]
[EventCountry "GGB"]
[SourceTitle "playchess.com"]
[Source "ChessBase"]
[SourceQuality "1"]
[TimeControl "6600+10"]

1. d4 d6 2. e4 Nf6 3. Nc3 e5 4. Nf3 Nbd7 5. g4 {[%emt 0:23:18] C41: Philidor Defence} ({White should try} 5. Bc4 $14 Be7 6. O-O) 5... Nxg4 6. Rg1 Ngf6 7. Be3 {[%emt 0:00:19] LiveBook: 74 Games} h6 8. Bc4 g5 $146 ({Predecessor:} 8... c6 $11 9. Bb3 b5 10. a3 Qa5 11. Nd2 {½-½ (11) Moiseenko,A (2663)-Can,E (2557) Gjakova 2016}) 9. Qd2 (9. dxe5 $16 dxe5 10. Qd3) 9... Nb6 10. Bb3 Bg4 11. dxe5 Bxf3 12. exf6 c6 13. Rg3 g4 14. Bxb6 (14. Rxf3 $11 gxf3 15. O-O-O) 14... Qxb6 15. Qf4 Qc5 16. Rxf3 gxf3 17. Qxf3 Qg5 18. Rd1 h5 19. Kf1 Rg8 20. Rd3 Qg1+ 21. Ke2 Qg4 22. h3 Qxf3+ 23. Rxf3 Rg5 24. Rg3 Bh6 25. h4 Rxg3 26. fxg3 Kf8 27. Kf3 Bc1 28. Nd1 b5 29. g4 hxg4+ 30. Kxg4 Re8 $19 31. Kf3 Re5 32. c3 Rh5 0-1